 Dungeon Crawl Stone Soup version 0.23-a0-183-gf37f6fb (webtiles) character file.

114 HerrDoktor the Skirmisher (level 4, 0/41 HPs)
             Began as a Minotaur Abyssal Knight on Sept 23, 2018.
             Was a Believer of Lugonu.
             Slain by an orc priest
             ... wielding a +0 flail of crushing
              (4 damage)
             ... on level 3 of the Dungeon.
             The game lasted 00:05:04 (2095 turns).

HerrDoktor the Skirmisher (Minotaur Abyssal Knight) Turns: 2095, Time: 00:05:05

Health: 0/41       AC:  5    Str: 18    XL:     4   Next: 66%
Magic:  4/4        EV: 10    Int:  9    God:    Lugonu [**....]
Gold:   200        SH:  0    Dex:  9    Spells: 3/3 levels left

rFire    . . .     SeeInvis .   a - +1 mace
rCold    . . .     Gourm    .   (no shield)
rNeg     . . .     Faith    .   p - +0 ring mail
rPois    .         Spirit   .   (helmet restricted)
rElec    .         Reflect  .   (no cloak)
rCorr    .         Harm     .   (no gloves)
MR       +....                  (no boots)
Stlth    ..........             (no amulet)
HPRegen  0.13/turn              n - ring of protection from magic
MPRegen  0.09/turn              (no ring)

@: no status effects
A: retaliatory headbutt, horns 2
a: Depart the Abyss, Bend Space, Renounce Religion


You were on level 3 of the Dungeon.
You worshipped Lugonu.
Lugonu was pleased with you.
You were hungry.

You visited 1 branch of the dungeon, and saw 3 of its levels.
You visited the Abyss 1 time.

You collected 200 gold pieces.

Inventory:

Hand Weapons
 a - a +1 mace (weapon)
Missiles
 h - 91 stones
 j - 7 javelins (quivered)
Armour
 b - a +0 leather armour
 p - a +0 ring mail (worn)
Jewellery
 n - a ring of protection from magic (left hand)
Scrolls
 d - a scroll of fog
 e - 2 scrolls of blinking
 g - 2 scrolls of identify
 k - a scroll of immolation
 l - a scroll of remove curse
 o - a scroll of enchant weapon {unknown}
 r - 2 scrolls of teleportation
Potions
 f - a potion of cancellation
 i - 2 potions of experience {unknown}
 m - a potion of haste {unknown}
 q - a potion of mutation {unknown}
Comestibles
 c - 6 rations


   Skills:
 + Level 4.7 Fighting
 * Level 4.4 Maces & Flails
 + Level 3.0 Armour
 - Level 1.1 Dodging
 + Level 2.1 Invocations


You had 3 spell levels left.
You didn't know any spells.
Your spell library was empty.

Dungeon Overview and Level Annotations

Branches:
Dungeon (3/15)

Altars:


Innate Abilities, Weirdness & Mutations

You reflexively headbutt those who attack you in melee.
You have a pair of horns on your head.


Message History

The orc priest hits you but does no damage.
Your ring mail prevents you from hitting the orc priest.
The orc priest is severely wounded.
The orc priest misses you.
You hit the orc priest but do no damage.
You headbutt the orc priest, but do no damage.
The orc priest is severely wounded.
The orc priest hits you but does no damage.
You hit the orc priest.
The orc priest is almost dead.
The orc priest mumbles some strange prayers to Beogh against you.
Beogh smites you!
You are too injured to fight recklessly!
You are too injured to fight recklessly!
You are too injured to fight recklessly!
You barely miss the orc priest. Your headbutt misses the orc priest.
The orc priest is almost dead.
The orc priest hits you with a flail of crushing!
* * * LOW HITPOINT WARNING * * *
You die...

#.#.......# #..#######
#.####.##.# #.........
##.####.##[# #..#######
#.......##.# #.........
#..#######.######..#######
#..# #.........#######
#..#### #.######.........
#.....####.# #...#####.
##.......@.# #.#.#
####.####o# #.#†# #.# #.#
#.#†# .# #)# #.# #.#.# #.#
#.# #.# #.#.###.# #.# #.#
#....##.## #.# #.#
#......... #.# #.#
##...##.## #.# #$#
##.###.#


You could see an orc priest.

Vanquished Creatures
  A worker ant (D:3)
  2 adders (D:2)
  An ooze (D:2)
  A dart slug (D:2)
  A leopard gecko (D:2)
  An orc (D:3)
  A ball python (D:1)
  9 bats
  2 giant cockroaches
  13 goblins
  6 hobgoblins
  6 jackals
  2 quokkas (D:2)
  6 frilled lizards
  6 kobolds
  A rat (D:2)
59 creatures vanquished.

Notes
Turn   | Place    | Note
-------+----------+-------------------------------------------
     0 | Abyss:1  | HerrDoktor the Minotaur Abyssal Knight began the quest for
                  | the Orb.
     0 | Abyss:1  | Reached XP level 1. HP: 19/19 MP: 1/1
     0 | D:1      | Escaped the Abyss
    49 | D:1      | Reached * piety under Lugonu
    84 | D:1      | Reached XP level 2. HP: 24/27 MP: 2/2
   866 | D:2      | Reached XP level 3. HP: 30/34 MP: 3/3
  1457 | D:2      | Reached XP level 4. HP: 40/41 MP: 4/4
  1521 | D:2      | Reached ** piety under Lugonu
  2095 | D:3      | Slain by an orc priest

Vault maps used:
D:1:      dpeg_arrival_round_c, hex_tiny
D:2:      minmay_diamond_boxcup
D:3:      first_ration, uniq_natasha
Abyss:1:  evilmike_abyss_exit_7

Skill      XL: |  1  2  3  4 |
---------------+-------------+-----
Fighting       | 4 |  4.7
Invocations    | 2 |  2.1
Maces & Flails | 3 4 |  4.4
Armour         | 3 |  3.0
Dodging        | |  1.1

Action                   |  1- 3 |  4- 6 || total
-------------------------+-------+-------++-------
Melee: Mace              |    70 |    44 ||   114
       Headbutt          |     9 |    10 ||    19
Throw: Stone             |     1 |       ||     1
Invok: Depart the Abyss  |     1 |       ||     1
  Use: Scroll            |     4 |     5 ||     9
  Eat: Chunk             |     1 |     2 ||     3
Armor: Leather armour    |    15 |     4 ||    19
       Ring mail         |       |     8 ||     8
Dodge: Dodged            |    61 |    16 ||    77

Table legend:
 A = Non-vault XP
 B = Vault XP
 C = Vault XP percentage of total XP
 D = Non-vault monster count
 E = Vault monster count
 F = Vault count percentage of total count
                 A         B        C        D         E       F
            +---------+---------+-------+---------+---------+-------
      Total |     148 |      15 |   9.2 |      50 |       9 |  15.3
            +---------+---------+-------+---------+---------+-------
        D:1 |      20 |       0 |   0.0 |      12 |       0 |   0.0
        D:2 |      74 |      15 |  16.9 |      26 |       9 |  25.7
        D:3 |      54 |       0 |   0.0 |      12 |       0 |   0.0
            +---------+---------+-------+---------+---------+-------
